 Dungeon Crawl Stone Soup version 0.23-a0-49-gd9f7a49 (webtiles) character file.

11694 Gruud the Martial Artist (level 11, -3/68 HPs)
             Began as a Demonspawn Necromancer on Aug 6, 2018.
             Was an Elder of Qazlal.
             Slain by a komodo dragon (18 damage)
             ... on level 1 of the Lair of Beasts.
             The game lasted 01:00:51 (13169 turns).

Gruud the Martial Artist (Demonspawn Necromancer)  Turns: 13169, Time: 01:00:51

Health: -3/68      AC: 11    Str: 11    XL:     11   Next: 52%
Magic:  2/16       EV: 17    Int: 17    God:    Qazlal [****..]
Gold:   710        SH: 10    Dex: 19    Spells: 3/14 levels left

rFire    + + .     SeeInvis +     - Unarmed
rCold    + + +     Gourm    .   K - +0 buckler
rNeg     . . .     Faith    .   I - +1 scale mail {rC+}
rPois    .         Spirit   .   l - +0 helmet
rElec    .         Reflect  .   U - scarf {rC+ rF+}
rCorr    .         Harm     .   (no gloves)
MR       .....                  O - +0 pair of boots (curse)
Stlth    ++........             (no amulet)
HPRegen  0.21/turn              L - ring of the Barnacle {rC+ SInv}
MPRegen  0.15/turn              (no ring)

@: agile, repel missiles
A: claws 2, repulsion field 2, fire resistance 1, nightstalker 1, powered by
pain 1
a: Upheaval, Elemental Force, Renounce Religion


You were on level 1 of the Lair of Beasts.
You worshipped Qazlal.
Qazlal was greatly pleased with you.
You were hungry.

You visited 4 branches of the dungeon, and saw 14 of its levels.

You collected 710 gold pieces.

Inventory:

Hand Weapons
 b - the +9 staff of Olgreb {rPois}
   (You found it on level 4 of the Dungeon)

   It protects you from poison.
 h - a +2 hand axe of electrocution
 m - a +0 blowgun
 q - a +0 dagger of venom
 A - the +8 dagger of Xuydonni {freeze, rF+ MR+ Int-4}
   (You found it on level 4 of the Dungeon)

   It has been specially enchanted to freeze those struck by it, causing extra
   injury to most foes and up to half again as much damage against particularly
   susceptible opponents.
   It can also slow down cold-blooded creatures.
   It affects your intelligence (-4).
   It protects you from fire.
   It affects your resistance to hostile enchantments.
 C - a +0 dagger of electrocution
Missiles
 a - 15 tomahawks (quivered)
 o - 2 throwing nets
 R - 7 needles of sleeping
Armour
 f - a +0 cloak
 l - a +0 helmet (worn)
 w - a +0 chain mail
 x - a +0 plate armour
 z - a +0 shield
 I - a +1 scale mail of cold resistance (worn)
 K - a +0 buckler (worn)
 O - a cursed +0 pair of boots (worn)
 S - a +1 ring mail of positive energy
 U - a scarf of resistance (worn)
Jewellery
 L - the ring of the Barnacle (left claw) {rC+ SInv}
   (You found it on level 8 of the Dungeon)

   [ring of protection from cold]

   It protects you from cold.
   It lets you see invisible.
 P - an uncursed amulet of guardian spirit
Wands
 d - a wand of acid (8)
 t - a wand of iceblast (4)
 D - a wand of polymorph (4)
 J - a wand of disintegration (7)
 M - a wand of enslavement (11)
Scrolls
 e - 7 scrolls of remove curse
 g - 3 scrolls of immolation
 i - a scroll of fog
 j - a scroll of blinking {unknown}
 k - 4 scrolls of teleportation
 n - 2 scrolls of noise
 p - 2 scrolls of magic mapping
 r - 3 scrolls of amnesia
 v - 2 scrolls of enchant weapon {unknown}
 y - a scroll of enchant armour {unknown}
 T - 2 scrolls of identify
Potions
 s - a potion of berserk rage
 u - 4 potions of brilliance
 B - 2 potions of curing
 E - 2 potions of might
 F - 4 potions of flight
 G - a potion of resistance
 H - a potion of magic
 Q - 2 potions of agility
Comestibles
 c - 21 rations


   Skills:
 + Level 7.9 Armour
 - Level 1.7 Dodging
 - Level 1.7 Stealth
 + Level 3.7 Shields
 * Level 12.2 Unarmed Combat
 - Level 2.0 Spellcasting
 - Level 5.0 Necromancy
 + Level 7.1 Invocations
 - Level 5.0 Evocations


You had 3 spell levels left.
You knew the following spells:

 Your Spells              Type           Power        Failure   Level  Hunger
a - Animate Dead          Necr           N/A          75%         4    #####..
b - Animate Skeleton      Necr           N/A          12%         1    #......
c - Vampiric Draining     Necr           ###.......   34%         3    ###....
d - Regeneration          Chrm/Necr      ##........   67%         3    ###....

Your spell library contained the following spells:

 Spells                   Type           Power        Failure   Level  Hunger
 Magic Dart               Conj           #...         65%         1    #......
 Conjure Flame            Conj/Fire      #.......     95%         3    ###....
 Slow                     Hex            #.......     80%         2    ###....
 Mephitic Cloud           Conj/Pois/Air  #.......     95%         3    ###....
 Summon Small Mammal      Summ           #...         65%         1    #......
 Blink                    Tloc           N/A          80%         2    ###....
 Pain                     Necr           ###.         12%         1    #......
 Summon Ice Beast         Ice/Summ       #.......     100%        4    #####..
 Call Imp                 Summ           #.......     80%         2    ###....
 Call Canine Familiar     Summ           #.......     95%         3    ###....
 Summon Lightning Spire   Summ/Air       #.......     100%        4    #####..
 Summon Guardian Golem    Hex/Summ       #.......     95%         3    ###....


Dungeon Overview and Level Annotations

Branches:
Dungeon (11/15)            Temple (1/1) D:6            Lair (1/6) D:10
    Orc (1/2) D:10

Altars:
Ashenzari
Cheibriados
Dithmenos
Elyvilon
Fedhas
Gozag
Hepliaklqana
Kikubaaqudgha
Makhleb
Nemelex Xobeh
Okawaru
Qazlal
Ru
Sif Muna
Trog
Uskayaw
Vehumet
Wu Jian
Xom
Yredelemnul
Zin
The Shining One

Annotations:
D:5 Dowan
D:9 Dig vault, wand of acid, mapping, might, rations
Lair:1 1 runed door


Innate Abilities, Weirdness & Mutations

You have very sharp fingernails.
You are surrounded by a moderate repulsion field. (EV +3)
Your flesh is heat resistant. (rF+)
You are slightly more attuned to the shadows.
You sometimes gain a little power by taking damage.


Message History

The komodo dragon is heavily wounded.
You claw the komodo dragon!
The komodo dragon is severely wounded.
You hear an angry hiss.
The komodo dragon bites you but does no damage.
You scratch the komodo dragon.
The komodo dragon is almost dead.
The komodo dragon bites you but does no damage.
You closely miss the komodo dragon.
The komodo dragon is almost dead.
The komodo dragon bites you!
* * * LOW HITPOINT WARNING * * *
You focus on the pain.
You feel more agile all of a sudden.
You feel better.
A water moccasin comes into view.
The komodo dragon bites you.
* * * LOW HITPOINT WARNING * * *
You feel better. The komodo dragon bites you!!
You die...

#........
.....Y.
##...P###.
#.........
#........
#........
##...##..#
#....###
##...#@#
#..Sl##
#..§F#
#....##
#..†.P#
#....##
##....#
#.....#
..+.
##<...##
...#≈


You could see a komodo dragon, a blink frog and a water moccasin.

Vanquished Creatures
  Harold (D:7)
  A hydra (D:8)
  An unseen horror (D:10)
  A black mamba (Lair:1)
  A gargoyle (D:9)
  A freezing wraith (D:10)
  A troll (D:10)
  A hornet (D:9)
  2 dream sheep (D:8)
  2 blink frogs (Lair:1)
  A hippogriff (D:9)
  Sigmund (D:3)
  A wyvern (D:10)
  8 yaks
  A water moccasin (D:7)
  3 sky beasts
  3 ice beasts
  10 orc warriors
  A hornet zombie (D:8)
  2 black bears
  6 ogres
  2 centaurs (D:8)
  3 big kobolds (D:8)
  6 bullfrogs
  A gnoll sergeant (D:10)
  A scorpion (D:9)
  7 killer bees
  17 wights
  2 howler monkeys
  4 human zombies (D:8)
  2 bullfrog zombies (D:8)
  2 crimson imps
  A centaur zombie (D:8)
  9 orc wizards
  A jelly (D:11)
  12 orc priests
  5 hounds
  3 iguanas
  3 human skeletons (D:8)
  2 worker ants
  2 hound zombies (D:8)
  A hound skeleton (D:6)
  2 mummies (D:8)
  14 adders
  10 gnolls
  3 shadow imps
  An ooze (D:1)
  2 adder zombies
  2 adder skeletons
  2 worms (D:2)
  6 leopard geckos
  52 orcs
  9 bats
  4 giant cockroaches
  17 goblins
  12 hobgoblins
  16 jackals
  10 kobolds
  7 quokkas
  A ball python (D:5)
  A ball python skeleton (D:4)
  4 frilled lizards
  A jackal zombie (D:8)
  A leopard gecko skeleton (D:6)
  2 orc zombies (D:8)
  5 rats
319 creatures vanquished.

Vanquished Creatures (collateral kills)
  An ogre (D:4)
  A hound (D:4)
  Robin (D:3)
  A goblin (D:3)
  2 hobgoblins (D:3)
6 creatures vanquished.

Vanquished Creatures (others)
  A plant (Lair:1)
1 creature vanquished.

Grand Total: 326 creatures vanquished

Notes
Turn   | Place    | Note
-------+----------+-------------------------------------------
     0 | D:1      | Gruud the Demonspawn Necromancer began the quest for the Orb.
     0 | D:1      | Reached XP level 1. HP: 13/13 MP: 3/3
   183 | D:1      | Gained mutation: You have sharp fingernails. [demonic ancestry]
   183 | D:1      | Reached XP level 2. HP: 9/19 MP: 0/5
   213 | D:1      | Reached skill level 5 in Necromancy
   369 | D:1      | Learned a level 1 spell: Animate Skeleton
   707 | D:1      | Reached skill level 1 in Unarmed Combat
  1089 | D:1      | Reached XP level 3. HP: 24/24 MP: 6/6
  1441 | D:2      | Reached skill level 2 in Unarmed Combat
  1826 | D:2      | Found a faded altar of an unknown god.
  1893 | D:2      | Gained mutation: You are surrounded by a mild repulsion field. (EV +2) [demonic ancestry]
  1893 | D:2      | Reached XP level 4. HP: 27/30 MP: 3/7
  2112 | D:2      | Reached skill level 1 in Armour
  2124 | D:2      | Learned a level 3 spell: Vampiric Draining
  2714 | D:3      | Reached skill level 3 in Unarmed Combat
  2948 | D:4      | Reached XP level 5. HP: 13/35 MP: 4/8
  3079 | D:4      | Noticed an ogre
  3286 | D:3      | Reached skill level 4 in Unarmed Combat
  3546 | D:3      | Found a stormy altar of Qazlal.
  3594 | D:3      | Learned a level 3 spell: Regeneration
  3680 | D:3      | Found an opulent altar of Gozag.
  3870 | D:4      | Gained mutation: You are slightly more attuned to the shadows. [demonic ancestry]
  3870 | D:4      | Reached XP level 6. HP: 30/41 MP: 3/9
  4070 | D:4      | Found an opulent altar of Gozag.
  4314 | D:4      | Found the +9 staff of Olgreb {rPois}
  4355 | D:4      | Found a blossoming altar of Fedhas.
  4684 | D:4      | Got a translucent dagger
  4686 | D:4      | Identified the +8 dagger of Xuydonni {freeze, rF+ MR+ Int-4} (You found it on level 4 of the Dungeon)
  4829 | D:5      | Entered Level 5 of the Dungeon
  4846 | D:3      | Reached skill level 5 in Unarmed Combat
  4846 | D:3      | Reached skill level 1 in Evocations
  5030 | D:3      | Noticed Robin
  5037 | D:3      | Killed Robin
  5197 | D:3      | Noticed Sigmund
  5217 | D:3      | Killed Sigmund
  5217 | D:3      | Gained mutation: You sometimes gain a little power by taking damage. [demonic ancestry]
  5217 | D:3      | Reached XP level 7. HP: 20/46 MP: 7/10
  5562 | D:5      | Found a glowing silver altar of Zin.
  5625 | D:5      | Noticed Dowan
  5998 | D:5      | Reached skill level 6 in Unarmed Combat
  6216 | D:6      | Gained mutation: You are surrounded by a moderate repulsion field. (EV +3) [demonic ancestry]
  6216 | D:6      | Reached XP level 8. HP: 38/52 MP: 6/11
  6246 | D:6      | Learned a level 4 spell: Animate Dead
  6411 | D:6      | Reached skill level 5 in Evocations
  6443 | D:6      | Found a staircase to the Ecumenical Temple.
  6453 | Temple   | Entered the Ecumenical Temple
  6700 | D:3      | Became a worshipper of Qazlal Stormbringer
  6966 | D:6      | Found a hide-covered altar of Uskayaw.
  6967 | D:6      | Found a shattered altar of Ashenzari.
  7011 | D:6      | Reached skill level 7 in Unarmed Combat
  7359 | D:7      | Noticed Harold
  7390 | D:7      | Killed Harold
  7390 | D:7      | Reached skill level 8 in Unarmed Combat
  7390 | D:7      | Gained mutation: You have very sharp fingernails. [demonic ancestry]
  7390 | D:7      | Reached XP level 9. HP: 34/57 MP: 1/12
  7720 | D:7      | Reached * piety under Qazlal
  7811 | D:7      | Reached skill level 9 in Unarmed Combat
  7838 | D:7      | Reached skill level 5 in Armour
  8973 | D:8      | Reached skill level 10 in Unarmed Combat
  9090 | D:8      | Reached ** piety under Qazlal
  9157 | D:8      | Reached skill level 1 in Invocations
  9181 | D:8      | Reached XP level 10. HP: 58/63 MP: 5/13
  9355 | D:8      | Noticed a two-headed hydra
  9366 | D:8      | HP: 3/63 [two-headed hydra (11)]
  9369 | D:8      | Killed a two-headed hydra
  9514 | D:8      | Found a deep blue altar of Sif Muna.
  9631 | D:8      | Reached skill level 11 in Unarmed Combat
  9640 | D:8      | Got a twitching steel ring
  9641 | D:8      | Identified the ring of the Barnacle {rC+ SInv} (You found it on level 8 of the Dungeon)
 10038 | D:8      | Found an ancient bone altar of Kikubaaqudgha.
 10070 | D:8      | Reached skill level 1 in Shields
 10638 | D:9      | Reached skill level 5 in Invocations
 10685 | D:9      | Noticed a gargoyle
 10691 | D:9      | Killed a gargoyle
 11261 | D:10     | Entered Level 10 of the Dungeon
 11414 | D:10     | Gained mutation: Your flesh is heat resistant. (rF+) [demonic ancestry]
 11414 | D:10     | Reached XP level 11. HP: 68/68 MP: 13/15
 11463 | D:10     | Reached *** piety under Qazlal
 11566 | D:10     | Found a staircase to the Lair.
 11675 | D:10     | Noticed an unseen horror
 11686 | D:10     | Killed an unseen horror
 11706 | D:10     | Found a staircase to the Orcish Mines.
 12348 | Orc:1    | Entered Level 1 of the Orcish Mines
 12467 | Orc:1    | Noticed an orc sorcerer
 12613 | D:11     | Reached **** piety under Qazlal
 12784 | D:11     | Noticed a deep elf mage
 12786 | D:11     | Noticed a two-headed ogre
 13052 | Lair:1   | Entered Level 1 of the Lair of Beasts
 13059 | Lair:1   | Found a large runed door.
 13069 | Lair:1   | Reached skill level 12 in Unarmed Combat
 13167 | Lair:1   | HP: 3/68 [komodo dragon (13)]
 13169 | Lair:1   | Slain by a komodo dragon

Vault maps used:
D:1:      dpeg_cavernosity
D:2:      chequers_ecumenical_altar_simple, first_ration
D:3:      cheibrodos_old_hovel, grunt_temple_overflow_open, uniq_sigmund,
          uniq_robin
D:4:      fedhas_altar_1, chequers_big_river, hangedman_decor_diamond_cutter,
          nicolae_gozag_cash_rules_everything_around_me
D:5:      kennysheep_spiral_hall, zin_scriptorium, uniq_duvessa
D:6:      gammafunk_temple_overflow_pools, minmay_temple_entry_statues_fountains
D:7:      uniq_harold
D:8:      basic_altar, hangedman_ranch, lemuel_mausoleum_altar_kikubaaqudgha
D:9:      due_unseen_surprise
D:10:     lair_entry_dummy, david_orc_1_choice
D:11:     kennysheep_blocky_room, minmay_misc_feat_roman
Temple:   regret_index_temple_sphere_string
Lair:1:   ebering_ghost_disaster_area, serial_bayou_shore_a
Orc:1:    abandoned_shop

Skill      XL: |  1  2  3  4  5  6  7  8  9 10 11 |
---------------+----------------------------------+-----
Necromancy     | 5 |  5.0
Unarmed Combat | 1 2 3 4 5 6 8 10 11 12 | 12.2
Armour         | 1 2 4 6 7 |  7.9
Evocations     | 2 4 5 |  5.0
Invocations    | 1 5 7 |  7.1
Shields        | 2 3 |  3.7
Dodging        | |  1.7
Stealth        | |  1.7
Spellcasting   | |  2.0

Action                   |  1- 3 |  4- 6 |  7- 9 | 10-12 || total
-------------------------+-------+-------+-------+-------++-------
Melee: Whip              |    11 |       |       |       ||    11
       Unarmed           |    59 |    35 |   105 |   229 ||   428
       Dagger            |     8 |    81 |       |       ||    89
       Punch             |     1 |     3 |     7 |    13 ||    24
       Staff             |       |    28 |   165 |    80 ||   273
       Hand axe          |       |    17 |       |       ||    17
Throw: Stone             |     4 |       |       |       ||     4
       Tomahawk          |       |     6 |     2 |     1 ||     9
 Cast: Pain              |    56 |    57 |       |       ||   113
       Animate Skeleton  |     2 |    13 |     2 |       ||    17
       Vampiric Draining |       |     6 |     1 |       ||     7
       Regeneration      |       |     4 |     5 |       ||     9
Invok: Upheaval          |       |       |       |     1 ||     1
Evoke: Staff of Olgreb   |       |    13 |    31 |    51 ||    95
       Wand              |       |     1 |       |     1 ||     2
  Use: Scroll            |       |     8 |     9 |     3 ||    20
       Potion            |       |     1 |       |     3 ||     4
 Stab: Sleeping          |     2 |     1 |     1 |       ||     4
  Eat: Chunk             |     4 |    14 |    15 |    11 ||    44
       Ration            |       |       |       |     1 ||     1
Armor: Robe              |    29 |    25 |    22 |       ||    76
       Scale mail        |     4 |       |    61 |    79 ||   144
Dodge: Dodged            |    60 |   113 |   180 |   124 ||   477
       Deflected         |       |       |       |     1 ||     1
Block: Other             |       |       |     7 |    10 ||    17
       Buckler           |       |       |       |    60 ||    60

Table legend:
 A = Spawn XP
 B = Non-spawn XP
 C = Spawn XP percentage of total XP
 D = Spawn monster count
 E = Non-spawn monster count
 F = Spawn count percentage of total count
 G = Total turns spent on level
                    A         B        C        D         E        F      G
               +---------+---------+-------+---------+---------+-------+---------
         Total |       0 |   16706 |   0.0 |       0 |     325 |   0.0 | 13169
               +---------+---------+-------+---------+---------+-------+---------
           D:1 |       0 |      54 |   0.0 |       0 |      28 |   0.0 |  1314
           D:2 |       0 |      77 |   0.0 |       0 |      20 |   0.0 |  1211
           D:3 |       0 |     459 |   0.0 |       0 |      50 |   0.0 |  1802
           D:4 |       0 |     328 |   0.0 |       0 |      18 |   0.0 |  1338
           D:5 |       0 |     410 |   0.0 |       0 |      16 |   0.0 |   648
           D:6 |       0 |     712 |   0.0 |       0 |      27 |   0.0 |  1127
           D:7 |       0 |    2551 |   0.0 |       0 |      34 |   0.0 |  1358
           D:8 |       0 |    4201 |   0.0 |       0 |      51 |   0.0 |  1478
           D:9 |       0 |    1421 |   0.0 |       0 |      13 |   0.0 |   877
          D:10 |       0 |    3382 |   0.0 |       0 |      31 |   0.0 |  1326
          D:11 |       0 |     590 |   0.0 |       0 |      20 |   0.0 |   292
        Lair:1 |       0 |    2121 |   0.0 |       0 |       9 |   0.0 |   117
         Orc:1 |       0 |     400 |   0.0 |       0 |       8 |   0.0 |   138
               +---------+---------+-------+---------+---------+-------+---------
